 Dungeon Crawl Stone Soup version 0.29.1-1-gd02db6906a (webtiles) character file.

Game seed: 8606369150666880006

5535 Earthwalker the Spear-Bearer (level 10, -3/77 HPs)
             Began as a Merfolk Gladiator on Oct 9, 2022.
             Was a High Priest of Okawaru.
             Slain by a tengu warrior
             ... wielding a +2 battleaxe
              (19 damage)
             ... on level 8 of the Dungeon.
             The game lasted 00:46:22 (11269 turns).

Earthwalker the Spear-Bearer (Merfolk Gladiator)   Turns: 11269, Time: 00:46:23

Health: -3/77      AC: 23    Str: 16    XL:     10   Next: 71%
Magic:  10/10      EV: 10    Int:  8    God:    Okawaru [*****.]
Gold:   438        SH: 15    Dex: 24    Spells: 9/9 levels left

rFire   . . .      SeeInvis +   a - +2 trident
rCold   . . .      Faith    .   p - +3 kite shield
rNeg    . . .      Spirit   .   M - +6 chain mail of Loolid Leup {rPois}
rPois   +          Reflect  .   U - +0 helmet {SInv}
rElec   .          Harm     .   (no cloak)
rCorr   .          Rampage  .   v - +0 pair of gloves
Will    .....                   x - +0 pair of boots
Stlth   +.........              (no amulet)
HPRegen 0.22/turn               S - +6 ring of dexterity
MPRegen 0.12/turn               E - +4 ring of protection

@: about to teleport
A: (nimble swimmer 2), mertail
a: Renounce Religion, Heroism, Finesse, Duel


You were on level 8 of the Dungeon.
You worshipped Okawaru.
Okawaru was extremely pleased with you.
You visited 2 branches of the dungeon, and saw 10 of its levels.

You collected 460 gold pieces.
You spent 22 gold pieces at shops.

Inventory:

Hand Weapons
 a - a +2 trident (weapon)
Missiles
 d - 4 throwing nets (quivered)
 e - a javelin
 D - 3 boomerangs
 F - 27 poisoned darts
Armour
 b - a +0 leather armour
 c - a +0 helmet
 p - a +3 kite shield (worn)
 s - a +0 plate armour
 v - a +0 pair of gloves (worn)
 x - a +0 pair of boots (worn)
 K - a +1 leather armour of fire resistance
 M - the +6 chain mail of Loolid Leup (worn) {rPois}
   (You took it off an orc on level 8 of the Dungeon)

   rPois:     It protects you from poison.
 U - a +0 helmet of see invisible (worn)
Jewellery
 h - a ring of fire
 E - a +4 ring of protection (right hand)
 S - a +6 ring of dexterity (left hand)
 V - the ring "Wiopumipn" {rN+ Str+4 Dex+9 Stlth-}
   (You took it off an orc on level 8 of the Dungeon)

   [ring of positive energy]

   Str:       It affects your strength (+4).
   Dex:       It affects your dexterity (+9).
   rN:        It protects you from negative energy.
   Stlth:     It makes you less stealthy.
Wands
 n - a wand of mindburst (19)
 t - a wand of digging (6)
 G - a wand of light (7)
 H - a wand of paralysis (19)
 P - a wand of polymorph (7)
Scrolls
 j - 3 scrolls of fog
 y - 3 scrolls of identify
 B - a scroll of fear {unknown}
 C - a scroll of poison
 I - a scroll of noise {unknown}
 J - a scroll of enchant armour
 N - a scroll of enchant weapon
 O - 2 scrolls of magic mapping
 Q - a scroll of summoning
 T - a scroll of amnesia
Potions
 f - a potion of berserk rage
 g - a potion of mutation
 i - a potion of haste
 k - 2 potions of might {unknown}
 l - 5 potions of curing
 m - 2 potions of flight
 o - 2 potions of heal wounds {unknown}
 q - 2 potions of magic {unknown}
 r - a potion of lignification {unknown}
 u - 3 potions of ambrosia {unknown}
 w - a potion of brilliance {unknown}
 z - a potion of attraction {unknown}
 A - a potion of invisibility {unknown}
 R - 4 potions of degeneration {unknown}


   Skills:
 * Level 6.6 Fighting
 * Level 12.2 Polearms
 + Level 2.0 Throwing
 * Level 4.2 Armour
 * Level 8.0 Dodging
 * Level 5.6 Stealth
 * Level 6.8 Shields


You had 9 spell levels left.
You didn't know any spells.
Your spell library contained the following spells:

 Spells                   Type           Power      Damage    Failure   Level
 Beastly Appendage        Tmut           0%         N/A       100%        1
 Static Discharge         Conj/Air       0%         3-3/arc   100%        2
 Wereblood                Tmut           0%         N/A       100%        2
 Ozocubu's Armour         Ice            0%         N/A       100%        3
 Spider Form              Tmut/Pois      0%         N/A       100%        3
 Dispel Undead            Necr           0%         3d6       100%        4
 Sticky Flame             Conj/Fire      0%         2d3       100%        4
 Metabolic Englaciation   Hex/Ice        0%         N/A       100%        5
 Simulacrum               Ice/Necr       Unusable   N/A       N/A         6

Dungeon Overview and Level Annotations

Branches:
Dungeon (9/15)             Temple (1/1) D:4             Orc (0/2) D:9
   Lair: D:8-11

Altars:
Ashenzari
Cheibriados
Dithmenos
Elyvilon
Fedhas
Gozag
Hepliaklqana
Kikubaaqudgha
Makhleb
Nemelex Xobeh
Okawaru
Qazlal
Ru
Sif Muna
Trog
Uskayaw
Vehumet
Wu Jian
Xom
Yredelemnul
Zin
The Shining One

Shops:
D:3 (   D:6 ([   D:7 =*[(

Annotations:
D:3 3 runed translucent doors, Kaiern's ghost, amateur KoHu
D:8 2 transporters, rubinsalamander's ghost, novice GnGl


Innate Abilities, Weirdness & Mutations

((You are very nimble when in or above water. (Stealth+, EV+, Speed+++)))
Your lower body shifts to a powerful aquatic tail in water.


Message History

You see here a +0 hand axe.
The tengu warrior attacks as you move away!
The tengu warrior hits you with a +2 battleaxe.
The tengu warrior barely misses you. The tengu warrior claws you.
The tengu warrior hits you with a +2 battleaxe!
You block the tengu warrior's attack. x2
There is an open door here.
The tengu warrior attacks as you move away!
You block the tengu warrior's attack.
The tengu warrior pecks you but does no damage.
You block the tengu warrior's attack.
The centaur warrior shoots an arrow.
The arrow hits you!
* * * LOW HITPOINT WARNING * * *
There is an escape hatch in the ceiling, spattered with blood here.
You block the tengu warrior's attack.
The tengu warrior pecks you but does no damage.
The tengu warrior claws you but does no damage.
A mysterious force pulls you upwards. The hatch slams shut behind you.
Level annotation: 2 transporters, rubinsalamander's ghost, novice GnGl You barely miss the tengu warrior.
You block the tengu warrior's attack. The tengu warrior barely misses you.
You block the tengu warrior's attack.
You completely miss the tengu warrior. The tengu warrior closely misses you.
You block the tengu warrior's attack.
The tengu warrior claws you but does no damage.
You puncture the tengu warrior!
The tengu warrior is lightly wounded.
You hit the tengu warrior but do no damage.
The tengu warrior is lightly wounded.
The tengu warrior hits you with a +2 battleaxe!
* * * LOW HITPOINT WARNING * * *
You block the tengu warrior's attack. x2
Okay, then.
Okay, then.
Press: ? - help, v - describe, . - travel The floor.
Unknown command.
As you read the scroll of teleportation, it crumbles to dust.
You feel strangely unstable.
The tengu warrior hits you with a +2 battleaxe!!
You die...

######## ##......##
##........#####
#.............#
#.............###########
#.............##........#
#...........@Q##........#
#...........##.......|..# #
##........#....#........# #
##...........###........# #
#..........#............# #
#..........#####..###.#####
# #..........#
##.........### #..........#
##........#....
#..........##
#..............


You could see a tengu warrior.

Vanquished Creatures
  Harold (D:9)
  A two-headed ogre (D:9)
  A troll (D:9)
  A shadow (D:9)
  4 water moccasins
  2 ice beasts
  An orc warrior (D:7)
  A sky beast (D:8)
  4 ogres
  A centaur (D:6)
  2 kobold brigands
  6 scorpions
  3 necrophages
  4 bullfrogs
  6 wights
  4 killer bees (D:8)
  2 howler monkeys
  5 hounds
  2 bullfrog zombies (D:7)
  3 jellies
  A human zombie (D:4)
  7 orc priests
  A gnoll bouda (D:7)
  3 iguanas
  11 orc wizards
  2 hound zombies (D:4)
  A mummy (D:4)
  5 gnolls (D:7)
  12 adders
  A white imp (D:7)
  An ufetubus (D:5)
  3 adder zombies (D:4)
  2 worms
  3 dart slugs
  36 orcs
  8 endoplasms
  3 giant cockroaches
  3 goblins
  6 hobgoblins
  11 kobolds
  9 quokkas
  8 ball pythons
  11 bats
  2 frilled lizards (D:2)
  7 rats
211 creatures vanquished.

Vanquished Creatures (others)
  18 fungi (D:7)
18 creatures vanquished.

Grand Total: 229 creatures vanquished

Notes
Turn   | Place    | Note
-------+----------+-------------------------------------------
     0 | D:1      | Earthwalker the Merfolk Gladiator began the quest for the
                  | Orb.
     0 | D:1      | Reached XP level 1. HP: 16/16 MP: 1/1
   323 | D:1      | Reached XP level 2. HP: 16/23 MP: 2/2
   610 | D:1      | Found a faded altar of an unknown god.
  1250 | D:2      | Reached XP level 3. HP: 26/28 MP: 3/3
  1867 | D:2      | Reached XP level 4. HP: 34/34 MP: 4/4
  2090 | D:3      | Reached skill level 1 in Shields
  2155 | D:3      | Found a runed translucent gate.
  2155 | D:3      | Found a runed translucent gate.
  2155 | D:3      | Found a runed translucent gate.
  2158 | D:3      | Noticed Kaiern's ghost (amateur KoHu)
  2364 | D:3      | Reached skill level 5 in Polearms
  2364 | D:3      | Reached skill level 1 in Armour
  2364 | D:3      | Reached skill level 1 in Stealth
  2376 | D:3      | Reached XP level 5. HP: 39/41 MP: 5/5
  2452 | D:3      | Identified the +3 quarterstaff of Lyizat {venom, Dex+4}
  2692 | D:3      | Found a glowing silver altar of Zin.
  3209 | D:3      | Found Qitry's Weapon Emporium.
  3515 | D:4      | Found a blossoming altar of Fedhas.
  3521 | D:4      | Found a glowing golden altar of the Shining One.
  3651 | D:4      | Found an iron altar of Okawaru.
  3659 | D:4      | Became a worshipper of Warmaster Okawaru
  3779 | D:4      | Found a staircase to the Ecumenical Temple.
  3788 | Temple   | Entered the Ecumenical Temple
  4043 | D:4      | Reached XP level 6. HP: 40/47 MP: 6/6
  4181 | D:4      | Reached skill level 6 in Polearms
  4181 | D:4      | Reached skill level 5 in Dodging
  4252 | D:4      | HP: 2/41 [wight/+3 war axe (1)]
  4256 | D:4      | Reached * piety under Okawaru
  4257 | D:4      | Reached XP level 7. HP: 3/49 MP: 7/7
  4570 | D:4      | Found an ancient bone altar of Kikubaaqudgha.
  4609 | D:4      | Reached skill level 7 in Polearms
  5315 | D:5      | Entered Level 5 of the Dungeon
  5326 | D:5      | Found a shimmering altar of Xom.
  5545 | D:5      | Reached XP level 8. HP: 50/60 MP: 8/8
  5691 | D:5      | Reached ** piety under Okawaru
  5692 | D:5      | Reached skill level 8 in Polearms
  6213 | D:6      | Found Faywoloi's Armour Emporium.
  6480 | D:6      | Reached skill level 5 in Fighting
  6538 | D:6      | Reached skill level 9 in Polearms
  6633 | D:6      | Found Udar Qua's Weapon Boutique.
  6662 | D:6      | Reached XP level 9. HP: 68/68 MP: 9/9
  6737 | D:6      | Reached *** piety under Okawaru
  7216 | D:7      | Found a shimmering blue altar of Sif Muna.
  7317 | D:7      | Reached skill level 10 in Polearms
  7600 | D:7      | Reached skill level 5 in Shields
  7814 | D:7      | Found Hades's Armour Shoppe.
  7875 | D:7      | Found Meseaf's Assorted Antiques.
  7878 | D:7      | Bought a scroll labelled IVIRUO XODO for 22 gold pieces
  7938 | D:7      | Found a basalt altar of Yredelemnul.
  8002 | D:7      | Found Cynass's Jewellery Shop.
  8022 | D:7      | Reached **** piety under Okawaru
  8144 | D:7      | Reached skill level 11 in Polearms
  8426 | D:7      | Found Xeocah's Weapon Emporium.
  8687 | D:7      | Reached XP level 10. HP: 66/76 MP: 10/10
  8830 | D:8      | Identified the +6 chain mail of Loolid Leup {rPois}
  8863 | D:7      | Reached skill level 5 in Stealth
  9113 | D:8      | Found a sacrificial altar of Ru.
  9174 | D:8      | Found a transporter.
  9178 | D:8      | Noticed rubinsalamander's ghost (novice GnGl)
  9178 | D:8      | Noticed a moth of wrath
  9279 | D:8      | Found a transporter.
  9294 | D:8      | Found a shadowy altar of Dithmenos.
  9477 | D:9      | Found a staircase to the Orcish Mines.
  9701 | D:9      | Found a stormy altar of Qazlal.
  9748 | D:9      | Noticed a two-headed ogre
  9766 | D:9      | Killed a two-headed ogre
  9851 | D:9      | Reached ***** piety under Okawaru
 10063 | D:9      | Reached skill level 12 in Polearms
 10345 | D:9      | Noticed Harold
 10359 | D:9      | Identified the +5 leather armour "Rucrivic" {Str+4 Stlth+}
 10367 | D:9      | Identified the ring "Wiopumipn" {rN+ Str+4 Dex+9 Stlth-}
 10759 | D:8      | Received a gift from Okawaru
 10932 | D:9      | Killed Harold
 11228 | D:9      | Noticed a tengu warrior
 11228 | D:9      | Noticed a centaur warrior
 11269 | D:8      | Slain by a tengu warrior

Illustrated notes

Levels and vault maps discovered:
D:1:      heliophobic_arrival_enchanted_forest, layout_loops_ring,
          ebering_ecumenical_altar_mist, serial_forest,
          infiniplex_forest_lined_3, infiniplex_forest_clump_large,
          infiniplex_forest_straight_4, infiniplex_forest_straight_2,
          infiniplex_forest_lined_corner, infiniplex_forest_lined_4_way,
          minmay_misc_feat_plants
D:2:      layout_rooms, minmay_misc_feat_ornament,
          chequers_serial_rivers_micro_c
D:3:      layout_loops_corners, nicolae_overflow_crystal_walls, serial_shops,
          shop, gammafunk_ghost_necromancy, grunt_ministairs_12, st_stairs_5,
          minmay_diced_spiral
D:4:      layout_gridville, lemuel_mausoleum_altar_kikubaaqudgha,
          okawaru_trees_2, minitemple, minmay_temple_entry_gardened_gates,
          abandoned_shop
D:5:      cheibrodos_helix_gallery, layout_rooms, dk_xom_monty_hall,
          hangedman_decor_peaks_small
D:6:      layout_gridville, serial_shops, nicolae_shop_hallway_plus,
          nicolae_stop_n_shop_1, minmay_quadrilaterals
D:7:      old_forge, layout_rooms, lemuel_zombie_altar_yredelemnul,
          lemuel_blue_sif_altar, serial_shops, shop, kennysheep_mini_moat, shop,
          shop
D:8:      layout_rooms, nicolae_dithmenos_through_a_glass_darkly,
          lemuel_doored_altar, gammafunk_ghost_berserking_beasts
D:9:      layout_irregular_city, grunt_qazlal_clouds, orc_0_dummy,
          minmay_radiant, uniq_harold, uniq_amaemon
Temple:   minmay_temple_curvy_loop

Skill      XL: |  1  2  3  4  5  6  7  8  9 10 |
---------------+-------------------------------+-----
Shields        | 1 2 3 4 5 6 |  6.8
Fighting       | 3 4 5 6 |  6.6
Polearms       | 5 6 7 9 11 12 | 12.2
Armour         | 1 2 3 4 |  4.2
Stealth        | 1 2 3 4 5 |  5.6
Dodging        | 5 6 7 8 |  8.0
Throwing       | |  2.0

Action                   |  1- 3 |  4- 6 |  7- 9 | 10-12 || total
-------------------------+-------+-------+-------+-------++-------
Melee: Trident           |   127 |   183 |   495 |   223 ||  1028
Throw: Javelin           |       |       |     1 |     1 ||     2
       Dart              |       |       |       |     2 ||     2
       Throwing net      |       |       |       |     1 ||     1
  Use: Scroll            |     3 |     7 |     5 |     1 ||    16
       Potion            |       |     1 |       |       ||     1
 Stab: Sleeping          |     2 |       |       |       ||     2
Armor: Leather armour    |    33 |       |    54 |    20 ||   107
       Plate armour      |       |    76 |   132 |       ||   208
       Chain mail        |       |       |       |    71 ||    71
Dodge: Dodged            |    92 |    32 |   108 |    51 ||   283
Block: Kite shield       |       |    70 |   265 |   163 ||   498
